 Dungeon Crawl Stone Soup version 0.31-a0-640-g39d97e502b (webtiles) character file.

Game seed: 7290539108304185971

528 qw the Shooter (level 7, -2/44 HPs)
             Began as a Gargoyle Hunter on Aug 27, 2023.
             Slain by a hobgoblin (4 damage)
             ... on level 4 of the Dungeon.
             The game lasted 00:01:02 (2203 turns).

qw the Shooter (Gargoyle Hunter)                    Turns: 2203, Time: 00:01:03

Health: -2/44      AC: 12    Str: 14    XL:     7   Next: 23%
Magic:  7/7        EV: 10    Int: 10    God:
Gold:   151        SH:  0    Dex: 15    Spells: 6/6 levels left

rFire   . . .        Y - +1 shortbow (freeze)
rCold   . . .        (shield currently unavailable)
rNeg    + . .        a - +0 ring mail
rPois   inf          g - +0 helmet
rElec   +            (no cloak)
rCorr   .            d - +0 pair of gloves
SInv    .            (no boots)
Will    .....        (no amulet)
Stlth   +            (no ring)
HPRegen 0.27/turn    (no ring)
MPRegen 0.10/turn

%: no passive effects
@: no status effects
A: sickness immunity, AC +4, negative energy resistance 1, electricity
resistance, torment resistance 1, petrification resistance
a: no special abilities


You were on level 4 of the Dungeon.
You visited 1 branch of the dungeon, and saw 4 of its levels.

You collected 151 gold pieces.


Innate Abilities, Weirdness & Mutations

You are immune to sickness and miasma.
Your stone body is resilient. (AC +4)
You are immune to poison.
You resist negative energy. (rN+)
You are resistant to electric shocks. (rElec)
You are resistant to unholy torment.
You are immune to petrification.


   Skills:
 - Level 5.3 Fighting
 - Level 7.1 Ranged Weapons
 + Level 1.1 Armour
 - Level 1.5 Dodging
 - Level 1.1 Stealth


You had 6 spell levels left.
You didn't know any spells.
Your spell library was empty.

Inventory:

Hand Weapons
 Y - a +1 shortbow of freezing (weapon)
Armour
 a - a +0 ring mail (worn)
 d - a +0 pair of gloves (worn)
 g - a +0 helmet (worn)
Scrolls
 c - a scroll of identify
Potions
 k - a potion of curing {unknown}

Dungeon Overview and Level Annotations

Branches:
Dungeon (4/15)
 Temple: D:4-7

Altars:

Annotations:
D:4 Pikel


Message History

You climb downwards.
Level annotation: Pikel Pikel misses you.
The lemure hits you but does no damage.
The hobgoblin hits you but does no damage.
The lemure hits you but does no damage.
Pikel hits you with a +1 whip of flaming.
Pikel burns you. The lemure completely misses you.
The hobgoblin completely misses you. The lemure hits you.
There is a stone staircase leading up here.
You shoot an arrow. The arrow hits Pikel.
The arrow freezes Pikel.
Pikel is moderately wounded.
The lemure hits you but does no damage.
Pikel hits you with a +1 whip of flaming.
Pikel burns you.
The hobgoblin hits you but does no damage.
The lemure barely misses you.
You shoot an arrow. The arrow closely misses Pikel.
Pikel hits you with a +1 whip of flaming.
Pikel burns you. The lemure hits you. The hobgoblin hits you.
The lemure hits you!
You shoot an arrow.
The arrow hits Pikel but does no damage.
Pikel is moderately wounded.
The lemure hits you. The hobgoblin barely misses you.
Pikel completely misses you. The lemure completely misses you.
You shoot an arrow. The arrow hits Pikel!
The arrow freezes Pikel.
Pikel is heavily wounded.
The lemure hits you but does no damage. Pikel barely misses you.
The hobgoblin barely misses you. The lemure hits you.
You shoot an arrow. The arrow barely misses Pikel.
The lemure barely misses you. The hobgoblin closely misses you.
Pikel hits you but does no damage. The lemure hits you but does no damage.
You shoot an arrow. The arrow barely misses Pikel.
Pikel hits you with a +1 whip of flaming.
Pikel burns you. The lemure hits you but does no damage.
The hobgoblin hits you but does no damage.
The lemure misses you. The lemure hits you but does no damage.
Pikel closely misses you. The lemure hits you but does no damage.
The hobgoblin hits you.
You die...

........#
#.......######
#........./...
#.......>.....
#.............
##.............
.......5K......
......5@.......
...:...g.......
........[......
...............
#######+#......
....?. ......
......


You could see Pikel, 2 lemures and a hobgoblin.

Vanquished Creatures
  Grinder (D:3)
  Sigmund (D:3)
  2 lemures (D:3)
  An orc wizard (D:3)
  4 adders
  3 gnolls (D:2)
  3 dart slugs
  3 orcs (D:3)
  5 ball pythons
  7 bats
  5 endoplasms
  3 giant cockroaches
  6 goblins
  8 hobgoblins
  4 kobolds
  3 quokkas
  2 frilled lizards
  11 rats
72 creatures vanquished.

Notes
Turn   | Place    | Note
-------+----------+-------------------------------------------
     0 | D:1      | qw the Gargoyle Hunter began the quest for the Orb.
     0 | D:1      | Reached XP level 1. HP: 12/12 MP: 1/1
     0 | D:1      | 0 ||| qw: Version: 0.3-a-74-g0d5e918
     0 | D:1      | 0 ||| qw: Game counter: 85
     0 | D:1      | 0 ||| qw: Melee chars always use a shield: true
     0 | D:1      | 0 ||| qw: God list: Okawaru
     0 | D:1      | 0 ||| qw: Allow faded altars: false
     0 | D:1      | 0 ||| qw: Do Orc after clearing Dungeon:15 true
     0 | D:1      | 0 ||| qw: Do second Lair branch before Depths: true
     0 | D:1      | 0 ||| qw: Lair rune preference: random
     0 | D:1      | 0 ||| qw: Goals: Normal
     0 | D:1      | 0 ||| PLANNING D:1-11
   146 | D:1      | Reached XP level 2. HP: 17/17 MP: 2/2
   519 | D:1      | Reached XP level 3. HP: 21/21 MP: 3/3
   699 | D:1      | 699 ||| UPGRADING to +0 pair of gloves.
   704 | D:1      | 704 ||| UPGRADING to +0 helmet.
   709 | D:1      | 709 ||| READING scroll labelled OLOEXO PER XUO.
   710 | D:1      | 710 ||| DROPPING scroll of butterflies.
   770 | D:2      | Reached skill level 5 in Ranged Weapons
   875 | D:2      | Reached skill level 3 in Fighting
   882 | D:2      | Reached skill level 1 in Armour
   882 | D:2      | Reached XP level 4. HP: 28/28 MP: 4/4
   889 | D:2      | 889 ||| FLEEEEING.
   890 | D:2      | 890 ||| STAIRDANCE
   964 | D:1      | 964 ||| READING scroll labelled VUTHOE AK ABB.
   965 | D:1      | 965 ||| READING scroll labelled KYSUOCL VURI.
   972 | D:2      | 972 ||| STAIRDANCE
  1222 | D:2      | 1222 ||| UPGRADING to +0 ring mail.
  1232 | D:2      | 1232 ||| DROPPING +0 leather armour.
  1330 | D:3      | Reached XP level 5. HP: 28/32 MP: 5/5
  1483 | D:3      | Found a faded altar of an unknown god.
  1486 | D:3      | Noticed Sigmund
  1505 | D:3      | Killed Sigmund
  1506 | D:3      | Reached skill level 7 in Ranged Weapons
  1506 | D:3      | Reached XP level 6. HP: 10/37 MP: 6/6
  1872 | D:3      | Noticed Grinder
  1883 | D:3      | 1883 ||| FLEEEEING.
  1884 | D:3      | 1884 ||| FLEEEEING.
  1903 | D:3      | Killed Grinder
  1904 | D:3      | Reached XP level 7. HP: 26/44 MP: 7/7
  2081 | D:3      | 2081 ||| READING scroll labelled BIFFIOPUALO.
  2082 | D:3      | 2082 ||| READING scroll labelled YMOETI PAUME.
  2083 | D:3      | 2083 ||| READING scroll labelled ATEOHUXUIT.
  2084 | D:3      | 2084 ||| DRINKING 2 coppery potions.
  2085 | D:3      | 2085 ||| READING 3 scrolls of identify.
  2085 | D:3      | 2085 ||| IDENTIFYING puce potion
  2086 | D:3      | 2086 ||| READING 2 scrolls of identify.
  2086 | D:3      | 2086 ||| IDENTIFYING inky potion
  2087 | D:3      | 2087 ||| DROPPING potion of brilliance.
  2088 | D:3      | 2088 ||| DROPPING potion of attraction.
  2089 | D:3      | 2089 ||| DROPPING potion of magic.
  2124 | D:4      | Noticed Pikel
  2130 | D:4      | 2130 ||| STAIRDANCE
  2200 | D:4      | HP: 9/44 [lemure[Pikel] (6)]
  2201 | D:4      | HP: 3/44 [lemure[Pikel] (6)]
  2203 | D:4      | Slain by a hobgoblin

Levels and vault maps discovered:
D:1:      dpeg_arrival_lava_temple_mockup, layout_loops_ring,
          nicolae_twisty_statue_hallways
D:2:      layout_rooms
D:3:      layout_loops_ring, hellmonk_ecumenical_altar_zigzags, uniq_grinder,
          uniq_sigmund
D:4:      layout_gridville, overflow_temple_1_default, minitemple,
          serial_bayou_lake_a, uniq_pikel, uniq_crazy_yiuf_cottage

Skill      XL: |  1  2  3  4  5  6 |
---------------+-------------------+-----
Ranged Weapons | 5 7 |  7.1
Fighting       | 3 5 |  5.3
Armour         | 1 |  1.1
Dodging        | |  1.5
Stealth        | |  1.1

Action                     |  1- 3 |  4- 6 |  7- 9 || total
---------------------------+-------+-------+-------++-------
   Fire: Shortbow          |    87 |   140 |    23 ||   250
    Use: Scroll            |     1 |     2 |     5 ||     8
         Potion            |       |       |     1 ||     1
 Armour: Leather armour    |     8 |     7 |       ||    15
         Ring mail         |       |    16 |    17 ||    33
  Dodge: Dodged            |    14 |    33 |    23 ||    70

Table legend:
 A = Non-vault XP
 B = Vault XP
 C = Vault XP percentage of total XP
 D = Non-vault monster count
 E = Vault monster count
 F = Vault count percentage of total count
                 A         B        C        D         E       F
            +---------+---------+-------+---------+---------+-------
      Total |     237 |     518 |  68.6 |      68 |       2 |   2.9
            +---------+---------+-------+---------+---------+-------
        D:1 |      38 |       0 |   0.0 |      20 |       0 |   0.0
        D:2 |     119 |       0 |   0.0 |      26 |       0 |   0.0
        D:3 |      80 |     518 |  86.6 |      22 |       2 |   8.3
            +---------+---------+-------+---------+---------+-------
